Unix xNetHack Version 8.0.0 - last build Mar 23 2024 02:42:02 (1964348d4f5f1cf1067ea9968e02252fcc83c468). Game began 2024-04-25 14:19:20, ended 2024-04-25 17:19:51. Okoto, lawful female human Valkyrie ------------------------ |......................| |..-------------------.| ----.| ----- |.| |..|.-- --...| |.| |.....|--|....| |.| |*....|..|....| |.| --....|......-- |.| |.......|...| ------|.| |....|.`|...| --|$f$:.|.| |....---|...| |.E:$Ba$|.| |.......|..-- |-|`B$$a|.| ----....|.-- |.+dB$um@.| ---.--.| |-|a$$du|-- |.....| |.+caYZ:| |>.|..| --|q$Y$.| ------- ------- Okoto the Fighter St:18/01 Dx:13 Co:18 In:9 Wi:10 Ch:8 Lawful S:7326 Dlvl:5 $:0 HP:0(76) Pw:19(19) AC:1 Xp:8/1729 T:10330 Latest messages: With great effort you move the boulder. The boulder falls into and plugs a hole in the floor! This food really hits the spot! You no longer feel hungry. You finish eating the food ration. This door is locked. Unlock it with your copper lock pick? [ynq] (q) y You succeed in picking the lock. The door opens. Welcome to David's treasure zoo! Wait! That's a giant mimic! The gecko wakes up. The dwarf zombie wakes up. The warhorse wakes up. The fire ant wakes up. The giant beetle wakes up. The pony wakes up. The ape wakes up. The winter wolf cub wakes up. The gecko wakes up. The giant mimic hits! The giant mimic claws you! You cannot escape from the giant mimic! The fire ant bites! The fire ant misses! You cannot escape from the giant mimic! The fire ant bites! The fire ant bites again! You avoid harm. The owlbear wakes up. The raven wakes up. The giant ant wakes up. The bat wakes up. The vampire bat wakes up. The pony kicks! The pony bites! The giant mimic claws you! The giant mimic hits! The fire ant bites! The fire ant bites again! You're on fire! Your bubbly potion boils and explodes! You smell something diseased. Valkyrie, your life force is running out. You die... Do you want your possessions identified? [ynq] (y) y Do you want to see your attributes? [ynq] (y) y Do you want an account of creatures vanquished? [ynaq] (y) n Do you want to see your conduct and achievements? [ynq] (y) y Do you want to see the dungeon overview? [ynq] (y) n Inventory: Inventory: 607/975 weight (23/52 slots) Weapons d - 9 +1 darts (at the ready) {9} M - a +0 mithril dwarvish mattock {75} X - the blessed rustproof +1 Excalibur (weapon in hand) {40} Armor H - an uncursed +0 orcish helm (being worn) {23} n - an uncursed +0 pair of dwarvish boots (being worn) {38} s - an uncursed +3 small shield {30} C - an uncursed +0 dwarvish cloak (being worn) {8} S - an uncursed +1 leather Hawaiian shirt with a hibiscus flower motif (being worn) {6} A - an uncursed +0 scale mail (being worn) {188} Comestibles l - an uncursed apple {2} h - 2 uncursed carrots {4} P - 5 uncursed food rations {100} k - an uncursed tripe ration {10} e - an uncursed lizard corpse {10} Scrolls O - 2 uncursed scrolls of earth {10} Potions o - an uncursed potion of monster detection {20} Rings f - an uncursed +4 ring of increase damage {3} N - an uncursed ring of regeneration {3} b - an uncursed ring of stealth {3} Wands a - a wand of light (0:13) {7} Q - a wand of sleep (0:6) {7} g - a wand of undead turning (0:4) {7} Tools v - an uncursed copper lock pick {4} Okoto the Valkyrie's attributes: Background: You were a Fighter, a level 8 human Valkyrie. You were lawful, on a mission for Tyr who was opposed by Odin (neutral) and Loki (chaotic). You were heterosexual. You were in Sokoban, on level 5. You entered the dungeon 10330 turns ago. There was a full moon in effect when your adventure ended. You had 1729 experience points, 831 more were needed to attain level 9. Your score was 7326 before end-of-game adjustments. Basics: You had 0 out of 76 hit points. You had all 19 energy points (spell power). Your armor class was 1. Your wallet was empty. Autopickup was off. Final Characteristics: Your strength was 18/01 (limit:18/100). Your dexterity was 13 (limit:18). Your constitution was 18 (limit:18). Your intelligence was 9 (limit:18). Your wisdom was 10 (limit:18). Your charisma was 8 (limit:18). Final Status: You were held by a giant mimic (west). You were not hungry. You were unencumbered. You were wielding a long sword. You were unskilled in long sword and could have enhanced that. Final Attributes: You were piously aligned. You were cold resistant. You were level-drain resistant. You were telepathic. You had automatic searching. You were stealthy. You were warded. You were fast. You are dead. Miscellaneous: You encountered 1 bones level. Total elapsed playing time was 2 hours, 15 minutes and 1 second. Major events: Turn 1: Okoto the lawful human Valkyrie entered the dungeon 673: attained the rank of Skirmisher (level 3) 2263: entered the Gnomish Mines 3163: attained the rank of Fighter (level 6) 6153: was given Excalibur by the Lady of the Lake 6666: destroyed DragonSidedD's ghost, the former Novice 7052: entered Sokoban 7305: completed 1st Sokoban level 7905: completed 2nd Sokoban level 8528: completed 3rd Sokoban level 10307: completed 4th Sokoban level 10330: killed by a fire ant Vanquished creatures: 4 wargs a small mimic a xan a quantum mechanic a tiger a leather golem a winter wolf cub a gremlin a spotted jelly a leprechaun 2 lizards a dust vortex a raven 2 ghosts an ape a bugbear 3 rock piercers 2 shriekers 2 gnome leaders 3 gnomish wizards a gray ooze an elf zombie 2 giant ants 3 floating eyes 3 kittens a dwarf 2 homunculi 2 kobold shamans 6 rothes 2 centipedes a giant bat an orc zombie an iguana 2 acid blobs a manes a large kobold 2 hobgoblins 5 giant rats 2 cave spiders a brown mold 3 yellow molds 2 green molds a red mold 27 gnomes 5 garter snakes 4 geckos 7 jackals 2 foxes 3 kobolds a sewer rat a grid bug 4 bats 7 lichens 3 kobold zombies 9 newts 150 creatures vanquished. No species were genocided or became extinct. Voluntary challenges: You read items or engraved 1 time. You never genocided any monsters. You never polymorphed an object. You never changed form. You used no wishes. You never scared an enemy with impunity. You were celibate. You never generated conflict. You violated the special Sokoban rules once. Achievements: You attained the rank of Skirmisher. You entered the Gnomish Mines. You attained the rank of Fighter. You entered a shop. You entered a temple. You entered Sokoban. Dungeon overview: The Dungeons of Doom: levels 1 to 9 Level 1: A fountain. Level 2: A fountain. Level 3: Level 4: An altar. Stairs down to The Gnomish Mines. Level 5: A fountain. Level 6: A fountain, a grave, a tree. Level 7: An altar to Tyr, a tree. Level 8: Many fountains, a grave. Oracle of Delphi. Final resting place for DragonSidedD-Mon-Hum-Mal-Cha, killed by a rothe. Level 9: A fountain. Stairs up to Sokoban, level 8. The Gnomish Mines: levels 5 to 7 Level 5: Level 6: Level 7: Many shops, a temple to Tyr, some fountains. Sokoban: levels 8 up to 5 Level 5: <- You were here. Solved. Final resting place for you, killed by a fire ant. Level 6: Solved. Level 7: Solved. Level 8: Solved. Game over: __________ / \ / REST \ / IN \ / PEACE \ / \ | Okoto | | 0 Au | | killed by a fire | | ant | | | | | | 2024 | *| * * * | * _________)/\\_//(\/(/\)/\//\/|_)_______ Farvel Okoto the Valkyrie... You died in Sokoban on dungeon level 5 with 7326 points, and 0 pieces of gold, after 10330 moves. You were level 8 with a maximum of 76 hit points when you died.